 Dungeon Crawl Stone Soup version 0.20-a0-1006-ge6c5631 (webtiles) character file.

11 Ordine the Insei (level 2, 0/18 HPs)
             Began as an Octopode Transmuter on Apr 13, 2017.
             Slain by a bat (1 damage)
             ... on level 1 of the Dungeon.
             The game lasted 00:01:01 (160 turns).

Ordine the Insei (Octopode Transmuter)               Turns: 160, Time: 00:01:02

Health: 0/18       AC:  1    Str:  9    XL:     2   Next: 25%
Magic:  3/5        EV: 13    Int: 15    God:
Gold:   0          SH:  0    Dex: 12    Spells: 4/5 levels left

rFire    . . .     SeeInvis .     - Unarmed
rCold    . . .     Gourm    .   (no shield)
rNeg     . . .     Faith    .   (helmet restricted)
rPois    .         Spirit   .   (no amulet)
rElec    .         Reflect  .   (no ring)
rCorr    .         Harm     .   (no ring)
MR       .....                  (no ring)
Stlth    ++........             (no ring)
Regen    0.1/turn               (no ring)
MPRegen  0.1/turn               (no ring)
                                (no ring)
                                (no ring)

@: appendage, very slightly contaminated
A: almost no armour, stealthy swim, amphibious, 8 rings, constrict 8, tentacle
spike 3, camouflage 1, gelatinous body 1
a: End Transformation


You were on level 1 of the Dungeon.
You were not hungry.
One of your tentacles had a temporary spike.
You visited 1 branch of the dungeon, and saw 1 of its levels.

Inventory:

Armour
 d - a +0 buckler
Scrolls
 e - 2 scrolls of magic mapping
Books
 b - a book of Changes

   Spells                             Type                      Level
   a - Beastly Appendage              Transmutation                1
   b - Sticks to Snakes               Transmutation                2
   c - Spider Form                    Transmutation/Poison         3
   d - Ice Form                       Ice/Transmutation            4
   e - Blade Hands                    Transmutation                5
Comestibles
 a - 4 chunks of flesh
 c - a bread ration


   Skills:
 - Level 1.0 Fighting
 - Level 2.0 Dodging
 + Level 3.1 Unarmed Combat
 * Level 2.2 Spellcasting
 + Level 2.4 Transmutations


You had 4 spell levels left.
You knew the following spells:

 Your Spells              Type           Power        Failure   Level  Hunger
a - Beastly Appendage     Tmut           #.....       12%         1    #......


Dungeon Overview and Level Annotations

Branches:
Dungeon (1/15)

Altars:


Innate Abilities, Weirdness & Mutations

You cannot wear most types of armour.
You are very stealthy in the water. (Stealth+)
You are amphibious.
You can wear up to eight rings at the same time.
You can use your tentacles to constrict eight enemies at once.
Your skin changes colour to match your surroundings (Stealth+).
Your rubbery body absorbs attacks. (AC +1, EV +1)
One of your tentacles bears a large vicious spike.


Message History

The bat barely misses you. The bat closely misses you. The bat hits you.
* * * LOW HITPOINT WARNING * * *
The bat closely misses you. The bat barely misses you.
Found a scale mail.
Found a stone staircase leading down.
You aren't carrying any potions.
Unknown command.
You aren't carrying any potions.
Casting: Beastly Appendage
Confirm with . or Enter, or press ? or * to list all spells.
You miscast Beastly Appendage.
You are very lightly contaminated with residual magic.
Your skin tingles.
The bat closely misses you. x2
The bat hits you but does no damage. The hobgoblin barely misses you.
Unknown command.
The bat misses you. x2
Casting: Beastly Appendage
Confirm with . or Enter, or press ? or * to list all spells.
One of your tentacles grows a vicious spike.
The bat hits you.
You die...

..........).......#
###...###.........#
#.#. #.........#
#.# #.........# #
..####.......##
#.[.............#
###..####.........#
......###g........#
#......@bgK.......#
#.....###b?......%#
#>[.. ##.......##
......#####.....##
.......g....%..##
.. ...#........# .
............#
.?..........#
####........#


You could see a hobgoblin, a goblin, 2 bats and a kobold.

Vanquished Creatures
  A dart slug (D:1)
  A leopard gecko (D:1)
  3 goblins (D:1)
  2 kobolds (D:1)
  A rat (D:1)
8 creatures vanquished.

Notes
Turn   | Place    | Note
-------+----------+-------------------------------------------
     0 | D:1      | Ordine the Octopode Transmuter began the quest for the Orb.
     0 | D:1      | Reached XP level 1. HP: 13/13 MP: 3/3
   120 | D:1      | Reached XP level 2. HP: 12/18 MP: 5/5
   160 | D:1      | Slain by a bat

Vault maps used:
D:1:      dpeg_arrival_morbid_curiosity

Action                   || total
-------------------------++-------
Melee: Unarmed           ||    22
       Constrict         ||     7
       Tentacles         ||     3
 Cast: Beastly Appendage ||     1
  Use: Scroll            ||     1
 Stab: Sleeping          ||     1
Armor: Skin              ||    10
Dodge: Dodged            ||    45
